 Dungeon Crawl Stone Soup version 0.26-a0-784-g51bffae0b1 (webtiles) character file.

Game seed: 4678698329904764139

130 Descartes the Covert (level 4, -2/21 HPs)
             Began as a Felid Monk on Nov 10, 2020.
             Slain by an iguana (5 damage)
             ... on level 4 of the Dungeon.
             The game lasted 00:04:58 (3815 turns).

Descartes the Covert (Felid Monk)                   Turns: 3815, Time: 00:04:58

Health: -2/21      AC:  1    Str:  8    XL:     4   Next: 90%
Magic:  5/5        EV: 20    Int: 11    God:
Gold:   199        SH:  0    Dex: 19    Spells: 3/3 levels left
                                        Lives:  0   Deaths: 1

rFire    . . .     SeeInvis +     - Unarmed
rCold    . . .     Faith    .   (shield unavailable)
rNeg     . . .     Spirit   .   (armour unavailable)
rPois    .         Reflect  .   (helmet unavailable)
rElec    .         Harm     .   (cloak unavailable)
rCorr    .         Rampage  .   (gloves unavailable)
MR       .....                  (boots unavailable)
Stlth    +++++.....             (no amulet)
HPRegen  0.07/turn              (no ring)
MPRegen  0.09/turn              (no ring)

@: quick
A: very small, no armour, no weapons or thrown items, stealth, claws 1, fangs 3,
see invisible, speed 1, shaggy fur 1, sharp paws
a: no special abilities


You were on level 4 of the Dungeon.
You visited 1 branch of the dungeon, and saw 4 of its levels.

You collected 199 gold pieces.

Inventory:

Scrolls
 b - 4 scrolls of remove curse {unknown}
 c - a scroll of immolation {unknown}
 d - 4 scrolls of identify {unknown}
 f - 2 scrolls of enchant armour {unknown}
 g - 2 scrolls of teleportation {unknown}
 h - 2 scrolls of blinking {unknown}
Potions
 a - a potion of flight {unknown}
 e - a potion of magic
 i - a potion of brilliance
 j - a potion of curing


   Skills:
 - Level 3.0 Fighting
 + Level 4.3 Dodging
 + Level 8.2 Stealth
 - Level 3.0 Unarmed Combat


You had 3 spell levels left.
You didn't know any spells.
Your spell library was empty.

Dungeon Overview and Level Annotations

Branches:
Dungeon (4/15)
 Temple: D:4-7

Altars:


Innate Abilities, Weirdness & Mutations

You cannot wear armour.
You are incapable of wielding weapons or throwing items.
Your paws allow you to move quietly. (Stealth)
You have sharp claws.
You have razor-sharp teeth.
You have supernaturally acute eyesight. (SInv)
You cover ground quickly.
You are covered in fur. (AC +1)
Your sharp claws are effective at attacking unaware monsters.


Message History

You are too injured to fight recklessly!
You closely miss the iguana.
The iguana is heavily wounded.
The iguana misses you.
You closely miss the iguana. You bite the iguana, but do no damage.
The iguana is moderately wounded.
The iguana barely misses you.
You scratch the iguana.
The iguana is heavily wounded.
The iguana bites you!
* * * LOW HITPOINT WARNING * * *
You scratch the iguana.
The iguana is severely wounded.
You scratch the iguana but do no damage.
The iguana is severely wounded.
The iguana closely misses you.
You closely miss the iguana.
The iguana is severely wounded.
The iguana bites you.
You die...

... .... .... .....
...######+# #####+
#.......#.# #....(.
#.##......# +..)......
+..l@....>#
#...........#^#..#<.#.#
............#.#..#..#
............#.#.##..#
....... ....#.#.....#
....... ..#.......#
..###+# ###.#.#+#..#
#+###.# #...Z....###
...##.##+#.#..........


You could see an iguana and a bullfrog skeleton (wandering).

Vanquished Creatures
  Ijyb (D:3)
  5 adders
  An ooze (D:3)
  3 worms
  A dart slug (D:3)
  4 leopard geckos
  9 orcs
  2 ball pythons
  9 giant cockroaches
  20 goblins
  10 hobgoblins
  3 jackals (D:3)
  8 kobolds
  3 quokkas
  7 bats
  6 frilled lizards
  7 rats
99 creatures vanquished.

Notes
Turn   | Place    | Note
-------+----------+-------------------------------------------
     0 | D:1      | Descartes the Felid Monk began the quest for the Orb.
     0 | D:1      | Reached XP level 1. HP: 10/10 MP: 2/2
   126 | D:1      | Reached skill level 3 in Stealth
   207 | D:1      | You fall into a shaft and drop 1 floor!
   233 | D:2      | Reached XP level 2. HP: 13/14 MP: 3/3
   284 | D:2      | Reached skill level 4 in Stealth
   680 | D:1      | Reached skill level 5 in Stealth
   681 | D:1      | Reached XP level 3. HP: 17/17 MP: 4/4
  1217 | D:2      | Reached skill level 6 in Stealth
  1428 | D:2      | Reached XP level 4. HP: 16/21 MP: 5/5
  1448 | D:2      | HP: 1/21 [poisoned by an adder]
  1950 | D:3      | Reached skill level 7 in Stealth
  2383 | D:3      | Reached XP level 5. HP: 24/24 MP: 6/6
  2488 | D:3      | Noticed Ijyb
  2502 | D:3      | HP: 1/24 [Ijyb (1)]
  2504 | D:3      | Slain by Ijyb
  2505 | D:3      | Reached XP level 4. HP: 0/21 MP: 5/5
  2928 | D:3      | Reached skill level 8 in Stealth
  3470 | D:3      | Killed Ijyb
  3633 | D:4      | Noticed an ogre
  3639 | D:4      | Noticed a phantom
  3815 | D:4      | Slain by an iguana

Illustrated notes

Levels and vault maps discovered:
D:1:      erik_arrival_triangle_small, layout_basic, hex_tiny
D:2:      minmay_chambers_of_twos, layout_basic
D:3:      kennysheep_goblin_castle, layout_rooms, grunt_ministairs_7,
          corexii_hall_statues_s
D:4:      kennysheep_six_static_rooms, layout_basic, serial_bayou_crossing,
          uniq_crazy_yiuf_cottage, uniq_grinder

Skill      XL: |  1  2  3  4 |
---------------+-------------+-----
Stealth        | 3 5 6 8 |  8.2
Fighting       | |  3.0
Dodging        | |  4.3
Unarmed Combat | |  3.0

Action                   |  1- 3 |  4- 6 || total
-------------------------+-------+-------++-------
Melee: Unarmed           |   104 |   216 ||   320
       Bite              |     5 |    17 ||    22
       Punch             |     2 |     3 ||     5
  Use: Potion            |       |     5 ||     5
 Stab: Sleeping          |    12 |    13 ||    25
       Distracted        |       |     2 ||     2
Armor: Skin              |     6 |    13 ||    19
Dodge: Dodged            |   104 |   237 ||   341

Table legend: (Time is in decaauts)
 A = Elapsed time spent in this place.
 B = Non-inter-level travel time spent in this place.
 C = Inter-level travel time spent in this place.
 D = Time resting spent in this place.
 E = Time spent auto-exploring this place.
 F = Levels seen in this place.
 G = Mean time per level.
                   A        B        C        D        E       F      G
               +--------+--------+--------+--------+--------+-----+--------+
         Total |   3442 |   3314 |    128 |      0 |   2613 |   4 |  860.5 |
       Dungeon |   3442 |   3314 |    128 |      0 |   2613 |   4 |  860.5 |
               +--------+--------+--------+--------+--------+-----+--------+

Top non-repeatable levels by time:
     D:3: 1655 daAuts
     D:2: 1003 daAuts
     D:1: 725 daAuts
     D:4: 58 daAuts
